 Dungeon Crawl Stone Soup version 0.30-a0-760-g5a9884bb7c (webtiles) character file.

Game seed: 4800882787803034541

7073 Dittersdorf the Protected (level 11, 0/72 HPs)
             Began as a Gargoyle Fighter on Feb 10, 2023.
             Was a Priest of Okawaru.
             Slain by an orange demon (5 damage)
             ... summoned by an orc high priest
             ... in a bailey.
             The game lasted 00:10:32 (7965 turns).

Dittersdorf the Protected (Gargoyle Fighter)        Turns: 7965, Time: 00:10:32

Health: 0/72       AC: 19    Str: 23    XL:     11   Next: 9%
Magic:  0/11       EV: 12    Int: 10    God:    Okawaru [***...]
Gold:   474        SH:  8    Dex: 15    Spells: 10/10 levels left

rFire   . . .      SeeInvis .    r - +4 flail (protect)
rCold   . . .      Faith    .    c - +0 buckler
rNeg    + . .      Spirit   +    j - +0 crystal plate armour
rPois   ∞          Reflect  .    (no helmet)
rElec   +          Harm     .    h - +0 cloak
rCorr   .          Rampage  .    t - +0 pair of gloves
Will    .....                    k - +0 pair of boots Stlth
                                 p - amulet of guardian spirit
HPRegen 0.32/turn                m - +5 ring of evasion
MPRegen 0.12/turn                w - +6 ring of dexterity

@: heroic, corroded, under a protective aura
A: sickness immunity, AC +8, negative energy resistance 1, electricity
resistance, torment resistance 1, petrification resistance
a: Renounce Religion, Heroism


You were in a bailey.
You worshipped Okawaru.
Okawaru was most pleased with you.
You visited 2 branches of the dungeon, and saw 10 of its levels.
You also visited: Bailey.

You collected 474 gold pieces.

Inventory:

Hand Weapons
 r - a +4 flail of protection (weapon)
Missiles
 q - a throwing net
 y - 3 curare-tipped darts (quivered)
Armour
 c - a +0 buckler (worn)
 h - a +0 cloak (worn)
 j - a +0 crystal plate armour (worn)
 k - a +0 pair of boots (worn)
 t - a +0 pair of gloves (worn)
Jewellery
 m - a +5 ring of evasion (left hand)
 p - an amulet of guardian spirit (around neck)
 w - a +6 ring of dexterity (right hand)
 A - a +6 ring of dexterity
Wands
 a - a wand of iceblast (7)
 u - a wand of flame (49)
Scrolls
 b - a scroll of fog
 n - 2 scrolls of teleportation
 o - 2 scrolls of enchant armour
 v - a scroll of magic mapping
Potions
 d - 4 potions of might
 e - 2 potions of cancellation
 f - 2 potions of brilliance
 g - a potion of ambrosia
 i - 10 potions of curing
 l - 3 potions of haste
 s - a potion of degeneration {unknown}
 x - a potion of berserk rage {unknown}
 z - 2 potions of mutation


   Skills:
 + Level 9.7(14.7) Fighting
 + Level 8.7(13.7) Maces & Flails
 + Level 9.8(14.8) Armour
 + Level 9.8(14.8) Shields


You had 10 spell levels left.
You didn't know any spells.
Your spell library contained the following spells:

 Spells                   Type           Power      Damage    Failure   Level
 Apportation              Tloc           0%         N/A       100%        1
 Sting                    Tmut/Pois      0%         1d3       100%        1
 Momentum Strike          Conj/Tloc      0%         3d8       100%        2
 Passwall                 Tmut/Erth      0%         N/A       100%        2
 Poisonous Vapours        Pois/Air       0%         N/A       100%        2
 Gell's Gravitas          Tloc           0%         N/A       100%        3
 Teleport Other           Tloc           0%         N/A       100%        3
 Olgreb's Toxic Radiance  Pois           0%         N/A       100%        4
 Alistair's Intoxication  Tmut/Pois      0%         N/A       100%        5
 Borgnjor's Vile Clutch   Necr/Erth      0%         N/A       100%        5
 Dispersal                Tloc           0%         N/A       100%        6


Dungeon Overview and Level Annotations

Branches:
Dungeon (9/15)             Temple (1/1) D:6          Bailey (1/1)
   Lair: D:8-11         Orc: D:9-12

Altars:
Ashenzari
Cheibriados
Elyvilon
Fedhas
Gozag
Hepliaklqana
Makhleb
Nemelex Xobeh
Okawaru
Qazlal
Trog
Vehumet
Wu Jian
Xom
Yredelemnul
Zin
The Shining One

Shops:
D:2 :   D:6 [

Annotations:
D:3 Beavis's ghost, weakling NaFE
Temple 2 transporters


Innate Abilities, Weirdness & Mutations

You are immune to sickness and miasma.
Your stone body is resilient. (AC +8)
You are immune to poison.
You resist negative energy. (rN+)
You are resistant to electric shocks. (rElec)
You are resistant to unholy torment.
You are immune to petrification.


Message History

You hit the orc high priest but do no damage.
The orc high priest is heavily wounded.
The sixfirhy hits you but does no damage.
The sixfirhy closely misses you. You block the rust devil's attack.
The orc high priest calls down the wrath of Beogh upon you.
Pain shoots through your body! You block the orange demon's attack.
The sixfirhy hits you.
* * * LOW HITPOINT WARNING * * *
The sixfirhy shocks you. You resist.
* * * LOW HITPOINT WARNING * * *
You hit the orc high priest but do no damage.
The orc high priest is heavily wounded.
The sixfirhy hits you but does no damage.
The rust devil misses you.
The orc high priest hits you but does no damage.
The orange demon stings you but does no damage.
You hit the orc high priest but do no damage.
The orc high priest is heavily wounded.
The rust devil hits you!
* * * LOW HITPOINT WARNING * * *
The rust devil corrodes you!
You barely miss the orc high priest.
The orc high priest is heavily wounded.
You block the orc high priest's attack. You block the orange demon's attack.
You hit the orc high priest but do no damage.
The orc high priest is heavily wounded.
The rust devil barely misses you.
The orc high priest hits you with a +0 war axe.
* * * LOW HITPOINT WARNING * * *
The orange demon stings you but does no damage.
The sixfirhy hits you but does no damage.
You closely miss the orc high priest.
The orc high priest is heavily wounded.
The sixfirhy hits you.
* * * LOW HITPOINT WARNING * * *
The sixfirhy shocks you. You resist.
* * * LOW HITPOINT WARNING * * *
You block the sixfirhy's attack. You block the rust devil's attack.
The orc high priest barely misses you. The orange demon stings you from afar.
You die...

#..#
##)#
#..#
#..#
#..#
#..#
#..#
#+#'##
#.4@.#
#..3o#
###4.#
+...
####~
≈≈ ≈≈
≈≈≈


You could see an orc high priest, an orange demon (summoned), a rust devil
(summoned) and a sixfirhy (summoned).

Vanquished Creatures
  2 two-headed ogres (D:9)
  Pikel (D:5)
  A manticore (D:8)
  Grinder (D:3)
  A wraith (D:6)
  6 yaks (D:9)
  A steam dragon (D:8)
  A water moccasin (D:5)
  Duvessa (D:7)
  3 orc warriors
  A sky beast (D:7)
  3 ice beasts
  3 centaurs
  2 ogres
  4 phantoms
  2 lemures (D:5)
  2 bullfrogs (D:8)
  3 necrophages
  2 scorpions
  12 wights
  Dowan (D:7)
  6 hounds
  3 orc priests
  3 jellies
  Jessica (D:2)
  10 iguanas
  6 orc wizards
  5 gnolls
  9 adders
  2 shadow imps
  3 white imps
  2 ufetubi
  2 worms
  4 dart slugs
  29 orcs
  12 ball pythons
  5 bats
  12 endoplasms
  A giant cockroach (D:2)
  14 goblins
  7 hobgoblins
  5 quokkas
  4 frilled lizards
  5 kobolds
  5 rats
208 creatures vanquished.

Notes
Turn   | Place    | Note
-------+----------+-------------------------------------------
     0 | D:1      | Dittersdorf the Gargoyle Fighter began the quest for the
                  | Orb.
     0 | D:1      | Reached XP level 1. HP: 14/14 MP: 1/1
    25 | D:1      | Reached XP level 2. HP: 8/19 MP: 2/2
   197 | D:1      | Got the Lessons on Grey Peregrination
   358 | D:1      | Reached XP level 3. HP: 23/23 MP: 3/3
   619 | D:1      | Found a white marble altar of Elyvilon.
   912 | D:2      | Found Vumyzo's Book Shop.
   917 | D:2      | Noticed Jessica
   920 | D:2      | Killed Jessica
   921 | D:2      | Reached XP level 4. HP: 25/29 MP: 4/4
  1384 | D:2      | Reached XP level 5. HP: 33/33 MP: 5/5
  1613 | D:3      | Found a runed translucent gate.
  1613 | D:3      | Found a runed translucent gate.
  1613 | D:3      | Found a runed translucent gate.
  1613 | D:3      | You fall into a shaft and drop 2 floors!
  1613 | D:5      | Entered Level 5 of the Dungeon
  1614 | D:5      | yay!
  1870 | D:4      | Reached XP level 6. HP: 23/39 MP: 6/6
  2309 | D:3      | Noticed Grinder
  2329 | D:3      | Killed Grinder
  2330 | D:3      | Reached skill level 5 in Fighting
  2330 | D:3      | Reached skill level 5 in Armour
  2330 | D:3      | Reached skill level 5 in Shields
  2330 | D:3      | Reached XP level 7. HP: 44/44 MP: 7/7
  2546 | D:3      | Found a hazy altar of Hepliaklqana.
  2696 | D:3      | Found an ornate altar of the Wu Jian Council.
  2729 | D:3      | Noticed Beavis's ghost (weakling NaFE)
  2847 | D:4      | Found a glowing silver altar of Zin.
  3838 | D:5      | Reached XP level 8. HP: 47/51 MP: 8/8
  3865 | D:5      | Reached skill level 5 in Maces & Flails
  4150 | D:5      | Noticed Pikel
  4183 | D:5      | Killed Pikel
  4184 | D:5      | Reached XP level 9. HP: 50/57 MP: 9/9
  4611 | D:6      | Found a staircase to the Ecumenical Temple.
  4620 | Temple   | Entered the Ecumenical Temple
  4620 | Temple   | Found a transporter.
  4620 | Temple   | Found a transporter.
  4685 | Temple   | Found a transporter.
  4685 | Temple   | Found a transporter.
  4695 | Temple   | Became a worshipper of Warmaster Okawaru
  5376 | D:6      | Found Ennit's Armour Shoppe.
  5529 | D:7      | Found a glowing golden altar of the Shining One.
  5733 | D:7      | Found a shimmering altar of Xom.
  5733 | D:7      | Found a shimmering altar of Xom.
  5733 | D:7      | Found a shimmering altar of Xom.
  5734 | D:7      | Found a shimmering altar of Xom.
  5734 | D:7      | Found a shimmering altar of Xom.
  5794 | D:7      | Found a basalt altar of Yredelemnul.
  5831 | D:7      | Noticed Duvessa
  5831 | D:7      | Noticed Dowan
  5850 | D:7      | Killed Duvessa
  5851 | D:7      | Reached XP level 10. HP: 62/64 MP: 10/10
  5860 | D:7      | Killed Dowan
  5955 | D:7      | Reached * piety under Okawaru
  6021 | D:7      | Found a blossoming altar of Fedhas.
  6433 | D:7      | Found an opulent altar of Gozag.
  6621 | D:7      | Noticed an orb spider
  6769 | D:8      | Noticed a manticore
  6782 | D:8      | Killed a manticore
  6782 | D:8      | Reached ** piety under Okawaru
  7603 | D:9      | Noticed a two-headed ogre
  7606 | D:9      | Noticed a two-headed ogre
  7612 | D:9      | Killed a two-headed ogre
  7620 | D:9      | Killed a two-headed ogre
  7620 | D:9      | Reached *** piety under Okawaru
  7691 | D:9      | Reached XP level 11. HP: 33/71 MP: 8/11
  7723 | D:9      | Found a flagged portal.
  7732 | Bailey   | Entered a bailey
  7931 | Bailey   | Noticed an orc high priest
  7947 | Bailey   | Noticed a sixfirhy
  7965 | Bailey   | Slain by an orange demon

Illustrated notes

#############
.......@....#
..........#.#
#########.#
... #.# .$.
#.# ..


Turn 1614 on D:5: yay!

Levels and vault maps discovered:
D:1:      reono_arrival_forest_river, layout_loops_ring, minmay_liquid_box,
          minmay_hexomino_r4
D:2:      minmay_angry_zag, layout_basic, serial_shops,
          nicolae_shop_behind_doors, reono_crystal_passage, uniq_jessica
D:3:      layout_loops_ring, lemuel_coloured_pillars_altar, lemuel_doored_altar,
          ebering_ghost_rock_garden, uniq_grinder
D:4:      kb_forest_paths, layout_loops_ring, old_standard_altar,
          hangedman_minor_gate_pass
D:5:      layout_loops_ring, uniq_pikel
D:6:      layout_cave_pools, minmay_temple_entry_sparse_star, serial_shops,
          shop, minmay_misc_feat_secret_circle
D:7:      layout_basic, mainiacjoe_overflow_chevrons,
          mainiacjoe_overflow_concentric_impassable, xom_shifter_show,
          grunt_gozag_breadcrumbs, nicolae_overflow_crystal_walls,
          minmay_fractal_squares_diagonal_5, uniq_duvessa
D:8:      layout_loops_cross, corexii_leaking_fountain, abandoned_shop
D:9:      layout_roguey, nicolae_dithmenos_the_darkroom,
          mainiacjoe_overflow_surrounded_room, enter_bailey_3, st_stairs_7,
          minmay_misc_feat_chi
Temple:   hellmonk_temple_divided_pantheon
Bailey:   bailey_axe_of_yendor_kennysheep, bailey

Skill      XL: |  1  2  3  4  5  6  7  8  9 10 |
---------------+-------------------------------+-----
Armour         | 4 5 7 8 9 |  9.8
Fighting       | 4 5 7 8 9 |  9.7
Shields        | 4 5 7 8 9 |  9.8
Maces & Flails | 3 4 6 7 8 |  8.7

Action                     |  1- 3 |  4- 6 |  7- 9 | 10-12 || total
---------------------------+-------+-------+-------+-------++-------
  Melee: Flail             |    97 |   153 |   390 |   245 ||   885
 Invoke: Heroism           |       |       |       |     3 ||     3
    Use: Scroll            |       |       |    15 |     3 ||    18
   Stab: Distracted        |       |     1 |       |       ||     1
 Armour: Scale mail        |    42 |    54 |    98 |       ||   194
         Crystal plate arm |       |       |   156 |   146 ||   302
  Dodge: Dodged            |    48 |    99 |   254 |    75 ||   476
  Block: Buckler           |    29 |    35 |    87 |    70 ||   221

Table legend: (Time is in decaauts)
 A = Elapsed time spent in this place.
 B = Non-inter-level travel time spent in this place.
 C = Inter-level travel time spent in this place.
 D = Time resting spent in this place.
 E = Time spent auto-exploring this place.
 F = Levels seen in this place.
 G = Mean time per level.
                   A        B        C        D        E       F      G
               +--------+--------+--------+--------+--------+-----+--------+
         Total |   8109 |   7887 |    222 |    654 |   5424 |  11 |  737.2 |
       Dungeon |   7789 |   7578 |    211 |    526 |   5323 |   9 |  865.4 |
        Temple |     89 |     78 |     11 |      0 |     64 |   1 |   89.0 |
        Bailey |    230 |    230 |      0 |    128 |     37 |   1 |  230.0 |
               +--------+--------+--------+--------+--------+-----+--------+

Top non-repeatable levels by time:
     D:4: 1253 daAuts
     D:5: 1246 daAuts
     D:7: 1195 daAuts
     D:1: 897 daAuts
     D:8: 859 daAuts
     D:2: 772 daAuts
     D:6: 728 daAuts
     D:3: 695 daAuts
  Bailey: 230 daAuts
     D:9: 139 daAuts
  Temple: 89 daAuts
